 Dungeon Crawl Stone Soup version 0.29.0-4-gdea44cf6ec (webtiles) character file.

Game seed: 14545862866508060845

322 qw the Ruffian (level 6, -3/47 HPs)
             Began as a Ghoul Fire Elementalist on Aug 29, 2022.
             Slain by a gnoll
             ... wielding a +0 halberd
              (13 damage)
             ... on level 4 of the Dungeon.
             The game lasted 00:02:53 (3857 turns).

qw the Ruffian (Ghoul Fire Elementalist)            Turns: 3857, Time: 00:02:54

Health: -3/47      AC: 12    Str: 14    XL:     6   Next: 47%
Magic:  7/7        EV:  4    Int: 10    God:
Gold:   134        SH:  0    Dex:  9    Spells: 7/8 levels left

rFire   . . .      SeeInvis .     - Unarmed
rCold   + . .      Faith    .   (no shield)
rNeg    + + +      Spirit   .   e - +1 plate armour
rPois   inf        Reflect  .   (no helmet)
rElec   .          Harm     .   (no cloak)
rCorr   .          Rampage  .   (no gloves)
Will    .....                   (no boots)
Stlth   ..........              (no amulet)
HPRegen 0.00/turn               (no ring)
MPRegen 0.10/turn               (no ring)

@: inhibited regen
A: claws 1, cold resistance 1, negative energy resistance 3, inhibited
regeneration, torment resistance 2, devour on kill
a: no special abilities


You were on level 4 of the Dungeon.
You visited 1 branch of the dungeon, and saw 4 of its levels.

You collected 134 gold pieces.


Innate Abilities, Weirdness & Mutations

You are immune to poison.
You have sharp fingernails.
Your flesh is cold resistant. (rC+)
You are immune to negative energy. (rN+++)
You do not regenerate when monsters are visible.
You are immune to unholy pain and torment.
You thrive by killing the living.


   Skills:
 + Level 1.3 Fighting
 - Level 3.8 Armour
 - Level 1.7 Dodging
 - Level 2.1 Stealth
 - Level 4.4 Unarmed Combat
 - Level 1.7 Spellcasting
 - Level 0.7 Conjurations
 - Level 2.4 Fire Magic


You had 7 spell levels left.
You knew the following spells:

 Your Spells              Type           Power      Damage    Failure   Level
a - Foxfire               Conj/Fire      16%        2x1d4     100%        1

Your spell library contained the following spells:

 Spells                   Type           Power      Damage    Failure   Level
 Scorch                   Fire           10%        2d6       100%        2
 Conjure Flame            Conj/Fire      4%         6-21      100%        3
 Inner Flame              Hex/Fire       3%         N/A       100%        3
 Flame Wave               Conj/Fire      4%         2d5       100%        4

Inventory:

Armour
 e - a +1 plate armour (worn)
Scrolls
 a - a scroll of vulnerability {unknown}
 b - a scroll of fear {unknown}
 Y - a scroll of identify
Potions
 c - a potion of curing
 f - a potion of resistance

Dungeon Overview and Level Annotations

Branches:
Dungeon (4/15)
 Temple: D:4-7

Altars:
Qazlal
Uskayaw

Shops:
D:3 (

Annotations:
D:2 1 runed translucent door, Crazy Yiuf


Message History

Enter note: A giant cockroach and 4 gnolls come into view.
The gnoll shouts! x3
You scratch the giant cockroach.
The giant cockroach is moderately wounded.
The giant cockroach barely misses you.
You closely miss the giant cockroach. You claw the giant cockroach.
The giant cockroach is almost dead.
The giant cockroach bites you but does no damage.
You scratch the giant cockroach but do no damage.
The giant cockroach is severely wounded.
The giant cockroach bites you.
You scratch the giant cockroach.
You kill the giant cockroach!
You feel better.
You barely miss the gnoll.
The gnoll hits you from afar with a +0 halberd.
The gnoll hits you but does no damage.
You claw the gnoll!
The gnoll is heavily wounded.
The gnoll hits you from afar with a +0 halberd!
The gnoll barely misses you. The gnoll hits you with a +0 flail!
You scratch the gnoll.
The gnoll is severely wounded.
The gnoll hits you from afar with a +0 halberd!
The gnoll hits you but does no damage.
You scratch the gnoll.
The gnoll is almost dead.
The gnoll hits you from afar with a +0 halberd. x2
The gnoll hits you with a +0 flail.
You scratch the gnoll.
You kill the gnoll!
You feel better. The gnoll barely misses you.
The gnoll hits you from afar with a +0 halberd.
You scratch the gnoll.
The gnoll is moderately wounded.
The gnoll barely misses you.
The gnoll hits you from afar with a +0 halberd!
You die...

###+#+###.#
#.........#
##
#.........#
######.
#.........#
#......
#.........#
#......
#!........#
#......
#.........#
#...<.)
.....gg@#
#######+##.
.....g#)#
##.......##.
..... #.#
......<..##.
.... #.#
#..........
... #.#
#.####.####
.# #.#
##.....##
#.#
#.#.......#
#.#
#.#.......#
#.#
#....._....


You could see 3 gnolls.

Vanquished Creatures
  Grinder (D:3)
  A necrophage (D:4)
  A gnoll (D:4)
  A worm (D:2)
  3 dart slugs
  6 bats
  7 endoplasms
  4 giant cockroaches
  5 goblins
  9 hobgoblins
  A quokka (D:2)
  2 ball pythons
  3 frilled lizards
  12 kobolds
  6 rats
62 creatures vanquished.

Vanquished Creatures (others)
  A fungus (D:1)
1 creature vanquished.

Grand Total: 63 creatures vanquished

Notes
Turn   | Place    | Note
-------+----------+-------------------------------------------
     0 | D:1      | qw the Ghoul Fire Elementalist began the quest for the Orb.
     0 | D:1      | Reached XP level 1. HP: 14/14 MP: 2/2
     0 | D:1      | 0 ||| qw: Version: 0.1-a-90-g952f4b7
     0 | D:1      | 0 ||| qw: Game counter: 3889
     0 | D:1      | 0 ||| qw: Always use a shield: true
     0 | D:1      | 0 ||| qw: God list: Okawaru
     0 | D:1      | 0 ||| qw: Allow faded altars: false
     0 | D:1      | 0 ||| qw: Do Orc after D:15 true
     0 | D:1      | 0 ||| qw: Do second Lair branch before Depths: true
     0 | D:1      | 0 ||| qw: Lair rune preference: random
     0 | D:1      | 0 ||| qw: Plans: Normal
     0 | D:1      | 0 ||| PLANNING D:1-11
   135 | D:1      | Reached skill level 1 in Unarmed Combat
   229 | D:1      | HP: 3/15 [kobold/+0 short sword (3)]
   232 | D:1      | Reached skill level 1 in Fighting
   232 | D:1      | Reached XP level 2. HP: 5/23 MP: 3/3
   562 | D:1      | Found a faded altar of an unknown god.
   573 | D:1      | 573 ||| Stepping ~*~*~tactically~*~*~ (hiding).
   687 | D:1      | Reached skill level 2 in Unarmed Combat
   958 | D:1      | Reached XP level 3. HP: 21/28 MP: 4/4
  1168 | D:1      | 1168 ||| Stepping ~*~*~tactically~*~*~ (stealth).
  1551 | D:1      | 1551 ||| UPGRADING to +0 ring mail.
  1561 | D:1      | 1561 ||| DROPPING +0 robe.
  1562 | D:1      | 1562 ||| READING scroll labelled HIL TOGHOTRUAR.
  1563 | D:1      | 1563 ||| READING 2 scrolls labelled LUTYSU OMEUT.
  1564 | D:1      | 1564 ||| READING scroll labelled SECOONIEHI.
  1565 | D:1      | 1565 ||| DROPPING potion of magic.
  1566 | D:1      | 1566 ||| DROPPING scroll of magic mapping.
  1620 | D:2      | Found a hide-covered altar of Uskayaw.
  1781 | D:2      | 1781 ||| Stepping ~*~*~tactically~*~*~ (stealth).
  1800 | D:2      | 1800 ||| Stepping ~*~*~tactically~*~*~ (hiding).
  1808 | D:2      | Reached skill level 3 in Unarmed Combat
  2102 | D:2      | 2102 ||| Stepping ~*~*~tactically~*~*~ (hiding).
  2190 | D:2      | Found a runed translucent door.
  2191 | D:2      | Noticed Crazy Yiuf
  2337 | D:2      | Reached XP level 4. HP: 35/35 MP: 5/5
  2563 | D:2      | 2563 ||| Stepping ~*~*~tactically~*~*~ (hiding).
  2922 | D:2      | 2922 ||| UPGRADING to +0 scale mail.
  2932 | D:2      | 2932 ||| DROPPING +0 ring mail.
  2933 | D:2      | 2933 ||| UPGRADING to +0 plate armour.
  2943 | D:2      | 2943 ||| DROPPING +0 scale mail.
  2944 | D:2      | 2944 ||| READING scroll of enchant armour.
  2944 | D:2      | 2944 ||| ENCHANTING +0 plate armour.
  2945 | D:2      | 2945 ||| READING 4 scrolls labelled WATUCETESCH.
  2946 | D:2      | 2946 ||| READING 3 scrolls of identify.
  2946 | D:2      | 2946 ||| IDENTIFYING fuming brown potion
  2947 | D:2      | 2947 ||| READING 2 scrolls of identify.
  2947 | D:2      | 2947 ||| IDENTIFYING viscous blue potion
  3076 | D:3      | Found a stormy altar of Qazlal.
  3173 | D:3      | Found Toezecawk's Antique Weapon Shop.
  3191 | D:3      | 3191 ||| READING 2 scrolls of identify.
  3191 | D:3      | 3191 ||| IDENTIFYING smoky golden potion
  3446 | D:3      | 3446 ||| DRINKING 2 orange potions.
  3447 | D:3      | 3447 ||| READING 2 scrolls of identify.
  3447 | D:3      | 3447 ||| IDENTIFYING fuming yellow potion
  3448 | D:3      | 3448 ||| DROPPING potion of brilliance.
  3449 | D:3      | 3449 ||| DROPPING potion of flight.
  3450 | D:3      | 3450 ||| DROPPING potion of lignification.
  3475 | D:4      | Noticed Grinder
  3476 | D:4      | 3476 ||| Stepping ~*~*~tactically~*~*~ (hiding).
  3477 | D:4      | 3477 ||| Stepping ~*~*~tactically~*~*~ (hiding).
  3480 | D:4      | 3480 ||| STAIRDANCE
  3487 | D:3      | 3487 ||| Stepping ~*~*~tactically~*~*~ (hiding).
  3489 | D:3      | 3489 ||| Stepping ~*~*~tactically~*~*~ (hiding).
  3495 | D:3      | Paralysed by Grinder for 5 turns
  3501 | D:3      | Killed Grinder
  3502 | D:3      | Reached skill level 3 in Armour
  3502 | D:3      | Reached XP level 5. HP: 15/40 MP: 6/6
  3502 | D:3      | Reached XP level 6. HP: 18/47 MP: 7/7
  3773 | D:4      | Reached skill level 4 in Unarmed Combat
  3856 | D:4      | HP: 10/47 [gnoll/+0 halberd (5)]
  3857 | D:4      | Slain by a gnoll

Levels and vault maps discovered:
D:1:      onia_arrival_pyramid, layout_loops_ring,
          shapermc_ecumenical_altar_acropolis
D:2:      layout_loops_corners, basic_altar, eino_curves_04, solitary_fountain,
          minmay_misc_feat_pillars, uniq_crazy_yiuf_cottage
D:3:      layout_basic, grunt_qazlal_clouds, serial_shops, shop,
          nicolae_elevator_lobby_asterisk
D:4:      layout_basic, old_standard_altar, nzn_wu_jian_contemplation,
          uniq_pikel, uniq_grinder, uniq_ijyb

Skill      XL: |  1  2  3  4  5  6 |
---------------+-------------------+-----
Unarmed Combat | 1 2 3 4 |  4.4
Fighting       | 1 |  1.3
Armour         | 3 |  3.8
Dodging        | |  1.7
Stealth        | |  2.1
Spellcasting   | |  1.7
Conjurations   | |  0.7
Fire Magic     | |  2.4

Action                   |  1- 3 |  4- 6 || total
-------------------------+-------+-------++-------
Melee: Unarmed           |   148 |    67 ||   215
       Punch             |     3 |     5 ||     8
  Use: Scroll            |     3 |     6 ||     9
       Potion            |       |     1 ||     1
Armor: Robe              |    19 |       ||    19
       Ring mail         |    11 |     5 ||    16
       Plate armour      |       |    27 ||    27
Dodge: Dodged            |    56 |    12 ||    68

Table legend:
 A = Non-vault XP
 B = Vault XP
 C = Vault XP percentage of total XP
 D = Non-vault monster count
 E = Vault monster count
 F = Vault count percentage of total count
                 A         B        C        D         E       F
            +---------+---------+-------+---------+---------+-------
      Total |     206 |     254 |  55.2 |      61 |       1 |   1.6
            +---------+---------+-------+---------+---------+-------
        D:1 |      45 |       0 |   0.0 |      28 |       0 |   0.0
        D:2 |      48 |       0 |   0.0 |      23 |       0 |   0.0
        D:3 |       7 |     254 |  97.3 |       4 |       1 |  20.0
        D:4 |     106 |       0 |   0.0 |       6 |       0 |   0.0
            +---------+---------+-------+---------+---------+-------
